 Dungeon Sprint DCSS version 0.30-b1-6-gad0e9d6a2d (webtiles) character file.

Game seed: 16904608244566577779

6514 Groucho the Unseen (level 10, -4/46 HPs)
             Began as a Spriggan Enchanter on May 5, 2023.
             Was the Champion of Dithmenos.
             Slain by a demonic crawler (12 damage)
             ... in the Dungeon (Sprint I: "Red Sonja").
             The game lasted 00:12:24 (2916 turns).

Groucho the Unseen (Spriggan Enchanter)             Turns: 2916, Time: 00:12:25

Health: -4/46      AC:  5    Str:  8    XL:     10   Next: 69%
Magic:  26/29      EV: 27    Int: 16    God:    Dithmenos [******]
Gold:   689        SH:  0    Dex: 17    Spells: 24/38 levels left

rFire   + . .        a - +1 dagger
rCold   . . .        (no shield)
rNeg    . . .        b - +0 robe
rPois   +            (helmet restricted)
rElec   .            n - +2 cloak {rPois}
rCorr   .            (gloves unavailable)
SInv    +            (boots unavailable)
Will    +....        (no amulet) Stlth *+++++++++
                     l - ring of protection from fire
HPRegen 0.27/turn    (no ring)
MPRegen 0.21/turn

%: no teleportation
@: confusing by touch, wreathed by umbra, very quick
A: very small, no large weapons, unfitting armour, see invisible, speed 3
a: Renounce Religion, Shadow Step, Shadow Form


You were in the Dungeon.
You worshipped Dithmenos.
Dithmenos was exalted by your worship.
You visited 1 branch You collected 1371 gold pieces.
You spent 682 gold pieces at shops.

Inventory:

Hand Weapons
 a - a +1 dagger (weapon)
Armour
 b - a +0 robe (worn)
 n - a +2 cloak of poison resistance (worn)
Jewellery
 l - a ring of protection from fire (left hand)
Wands
 e - a wand of quicksilver (10)
 i - a wand of digging (13)
Scrolls
 j - a scroll of enchant armour {unknown}
 k - 2 scrolls of identify {unknown}
Potions
 c - a potion of invisibility
 d - a potion of curing
 f - 2 potions of haste
 g - 2 potions of magic
 h - a potion of berserk rage
 m - a potion of resistance {unknown}
 o - a potion of mutation {unknown}


   Skills:
 + Level 1.9 Fighting
 - Level 10.0 Short Blades
 + Level 13.8 Dodging
 - Level 15.0 Stealth
 + Level 14.5 Spellcasting
 - Level 14.0 Hexes
 - Level 9.5 Translocations
 - Level 6.1 Air Magic
 + Level 5.8 Invocations


You had 24 spell levels left.
You knew the following spells:

 Your Spells              Type           Power      Damage    Failure   Level
a - Ensorcelled Hibernat  Hex/Ice        68%        N/A       1%          2
b - Confusing Touch       Hex            54%        N/A       1%          3
c - Dazzling Flash        Conj/Hex       68%        N/A       1%          3
d - Tukima's Dance        Hex            54%        N/A       1%          3
e - Vhi's Electric Charg  Tloc/Air       72%        N/A       1%          3

Your spell library contained the following spells:

 Spells                   Type           Power      Damage    Failure   Level
 Arcjolt                  Conj/Air       10%        1d20      41%         5
 Plasma Beam              Fire/Air       10%        2x1d23    94%         6


Dungeon Overview and Level Annotations

Branches:
Dungeon (1/1)

Altars:
Cheibriados
Dithmenos
Elyvilon
Fedhas
Gozag
Hepliaklqana
Kikubaaqudgha
Makhleb
Nemelex Xobeh
Okawaru
Qazlal
Ru
Sif Muna
Trog
Uskayaw
Vehumet
Wu Jian
Xom
Yredelemnul
Zin
The Shining One
Jiyva
Lugonu

Shops:
D *!![*:[*(*[(=(*[?


Innate Abilities, Weirdness & Mutations

You are very small and have problems with some larger weapons.
You are too small for most types of armour.
You have supernaturally acute eyesight. (SInv)
You cover ground extremely quickly. (Speed+++)


Message History

Your shadow hits the demonic crawler but does no damage.
You hit the demonic crawler.
The demonic crawler is almost dead.
Your shadow hits the demonic crawler but does no damage.
The demonic crawler completely misses you.
The demonic crawler hits you!
You emit a cloud of dark smoke.
The demonic crawler completely misses you.
The demonic crawler barely misses itself.
The demonic crawler hits itself.
The demonic crawler hits itself!
The demonic crawler is killed!
Dithmenos accepts your kill.
Unknown command.
Unknown command.
You start resting.
Magic restored.
You start resting.
A demonic crawler is nearby!
A demonic crawler is nearby!
A demonic crawler is nearby!
A demonic crawler is nearby!
A demonic crawler is nearby!
Casting: Confusing Touch (safe; 1% risk of failure)
Confirm with . or Enter, or press ? or * to list all spells.
Your hands begin to glow red.
The demonic crawler closely misses you. The demonic crawler hits you!
You emit a cloud of dark smoke.
The demonic crawler hits you but does no damage.
You are too injured to fight recklessly!
You are too injured to fight recklessly!
Unknown command.
You hit the demonic crawler but do no damage.
Unknown command.
Unknown command.
You closely miss the demonic crawler.
The demonic crawler completely misses you.
The demonic crawler misses you. The demonic crawler hits you!
* * * LOW HITPOINT WARNING * * *
Unknown command.
Unknown command.
You feel better. The demonic crawler hits you!
You die...

#####'#####'#__####).§§§s#
####..#...#.####.§#####§§+
#__####..##.#~~~§)#..# +##
#_____##'#_.§§§§..§§.#
#_.∩...'...§#§§§§§#..#
#_..__##_.#'##§#####'###
#_____###'#.#)§§.###.'.#
#########.####§###§###.#
.......'...'..§s@§§∩##.#
++++####.).###########.#
###.###.......##§#
#.#'#.#........§§#
#.....#'''######§#
#.).).#....§§§§#§#
#######...§§§§#§.#
#}(}[.....§§~####
#).[......§~~#


You could see a demonic crawler.

Vanquished Creatures
  2 centaur warriors (D)
  Sonja (D)
  A deep troll (D)
  An oklob plant (D)
  3 demonic crawlers (D)
  2 unseen horrors (D)
  2 kobold demonologists (D)
  A hornet (D)
  A slime creature (D)
  Sigmund (D)
  A yak (D)
  2 redbacks (D)
  2 floating eyes (D)
  An ogre (D)
  7 necrophages (D)
  8 jellies (D)
  Ijyb (D)
  A ballistomycete spore (D)
38 creatures vanquished.

Vanquished Creatures (others)
  A ballistomycete spore (D)
1 creature vanquished.

Grand Total: 39 creatures vanquished

Notes
Turn   | Place    | Note
-------+----------+-------------------------------------------
     0 | D        | Groucho the Spriggan Enchanter began the quest for the Orb.
     0 | D        | Reached XP level 1. HP: 9/9 MP: 5/5
     3 | D        | Noticed Ijyb
     8 | D        | Killed Ijyb
     9 | D        | Reached skill level 7 in Stealth
     9 | D        | Reached skill level 5 in Hexes
     9 | D        | Reached XP level 2. HP: 9/13 MP: 6/8
    10 | D        | Noticed an ogre
    13 | D        | Killed an ogre
    14 | D        | Reached skill level 11 in Stealth
    14 | D        | Reached XP level 3. HP: 12/16 MP: 6/11
    14 | D        | Reached XP level 4. HP: 16/21 MP: 7/13
    16 | D        | Noticed Sigmund
    18 | D        | Killed Sigmund
    19 | D        | Reached skill level 14 in Stealth
    19 | D        | Reached XP level 5. HP: 20/24 MP: 7/16
    19 | D        | Reached XP level 6. HP: 23/28 MP: 7/18
    27 | D        | Found a burning altar of Makhleb.
    27 | D        | Found a shimmering altar of Xom.
    27 | D        | Noticed a slime creature
    28 | D        | Found a viscous altar of Jiyva.
    28 | D        | Found a corrupted altar of Lugonu.
   294 | D        | Learned a level 2 spell: Ensorcelled Hibernation
   298 | D        | Learned a level 3 spell: Confusing Touch
   302 | D        | Learned a level 3 spell: Dazzling Flash
   306 | D        | Learned a level 3 spell: Tukima's Dance
   318 | D        | Killed a slime creature
   319 | D        | Reached skill level 5 in Dodging
   319 | D        | Reached skill level 15 in Stealth
   684 | D        | Found an ornate altar of the Wu Jian Council.
   684 | D        | Found a shimmering blue altar of Sif Muna.
   686 | D        | Found a radiant altar of Vehumet.
   729 | D        | Learned a level 3 spell: Vhi's Electric Charge
   729 | D        | Found Qep Ugg's Distillery.
   729 | D        | Found an ancient bone altar of Kikubaaqudgha.
   729 | D        | Found a hazy altar of Hepliaklqana.
   729 | D        | Found a stormy altar of Qazlal.
   729 | D        | Found a hide-covered altar of Uskayaw.
   729 | D        | Found a blossoming altar of Fedhas.
   729 | D        | Found a bloodstained altar of Trog.
   729 | D        | Found an iron altar of Okawaru.
   729 | D        | Found a basalt altar of Yredelemnul.
   729 | D        | Found a glowing golden altar of the Shining One.
   729 | D        | Found a snail-covered altar of Cheibriados.
   729 | D        | Found a sacrificial altar of Ru.
   729 | D        | Found a glowing silver altar of Zin.
   729 | D        | Found a shadowy altar of Dithmenos.
   729 | D        | Found a white marble altar of Elyvilon.
   729 | D        | Noticed a yak
   730 | D        | Found an opulent altar of Gozag.
   731 | D        | Killed a yak
   732 | D        | Reached skill level 10 in Hexes
   732 | D        | Reached XP level 7. HP: 32/32 MP: 21/21
   732 | D        | Found a sparkling altar of Nemelex Xobeh.
   758 | D        | Became a worshipper of Dithmenos the Shadowed
   769 | D        | Noticed a centaur warrior
   770 | D        | Noticed a centaur warrior
   771 | D        | Killed a centaur warrior
   772 | D        | Reached skill level 10 in Spellcasting
   772 | D        | Reached skill level 5 in Translocations
   772 | D        | Reached XP level 8. HP: 36/36 MP: 21/23
   772 | D        | Killed a centaur warrior
   791 | D        | Noticed a hornet
   794 | D        | Killed a hornet
   794 | D        | Reached * piety under Dithmenos
   795 | D        | Reached XP level 9. HP: 39/39 MP: 25/25
   807 | D        | Noticed an oklob plant
   809 | D        | Killed an oklob plant
   810 | D        | Reached skill level 10 in Dodging
   810 | D        | Reached skill level 5 in Air Magic
   820 | D        | Reached ** piety under Dithmenos
   849 | D        | Noticed an unseen horror
   850 | D        | Noticed an unseen horror
   862 | D        | Killed an unseen horror
   867 | D        | Killed an unseen horror
  1041 | D        | Reached *** piety under Dithmenos
  1056 | D        | Reached **** piety under Dithmenos
  1333 | D        | Reached ***** piety under Dithmenos
  1627 | D        | Reached XP level 10. HP: 44/44 MP: 27/27
  1634 | D        | Found Pawienle's Armour Shoppe.
  1634 | D        | Found Simaadih's Distillery.
  1634 | D        | Found Vuceodyi's General Store.
  1636 | D        | Found Mutimeho's Book Emporium.
  1636 | D        | Found Yguruvy's Armour Shop.
  1636 | D        | Found Nepaetik's General Store.
  1636 | D        | Found Gessanaf's Weapon Boutique.
  1636 | D        | Found Caiclercho's General Store.
  1636 | D        | Found Hataphixt's Antique Armour Shop.
  1636 | D        | Found Sigam's Antique Weapon Shoppe.
  1642 | D        | Found Dosut's Jewellery Boutique.
  1643 | D        | Found Yjoc's Assorted Antiques.
  1643 | D        | Found Vownaick's Weapon Boutique.
  1644 | D        | Found Kaderet's Magic Scroll Emporium.
  1655 | D        | Bought a copper wand for 112 gold pieces
  1656 | D        | Bought a ring of protection from fire for 275 gold pieces
  1742 | D        | Noticed a deep troll
  1744 | D        | Killed a deep troll
  1745 | D        | Reached skill level 10 in Short Blades
  1761 | D        | Found Katwudoq's Armour Emporium.
  1766 | D        | Bought a +2 cloak of poison resistance for 240 gold pieces
  1778 | D        | Noticed Sonja
  1781 | D        | Killed Sonja
  1798 | D        | Found Xocrud's General Store.
  1806 | D        | Bought a potion of heal wounds for 55 gold pieces
  1837 | D        | Reached ****** piety under Dithmenos
  1839 | D        | Noticed a demonic crawler
  1839 | D        | Noticed a demonic crawler
  1839 | D        | Noticed a demonic crawler
  1839 | D        | Noticed a demonic crawler
  1861 | D        | Killed a demonic crawler
  1862 | D        | Reached skill level 5 in Invocations
  2498 | D        | Identified the +10 sling of Glory {heavy, Fragile rElec
                  | Dex+5}
  2673 | D        | Killed a demonic crawler
  2674 | D        | Reached skill level 1 in Fighting
  2858 | D        | Killed a demonic crawler
  2915 | D        | HP: 2/46 [demonic crawler (16)]
  2916 | D        | Slain by a demonic crawler

Illustrated notes

Levels and vault maps discovered:
D:        dungeon_sprint_1 [red_sonja_temple_1, red_sonja_temple_small_1]

Skill      XL: |  1  2  3  4  5  6  7  8  9 10 |
---------------+-------------------------------+-----
Stealth        | 7 11 14 15 | 15.0
Spellcasting   | 4 6 8 9 10 11 12 14 | 14.5
Hexes          | 5 6 8 10 11 13 14 | 14.0
Short Blades   | 4 6 7 9 10 | 10.0
Dodging        | 6 8 9 11 13 | 13.8
Translocations | 5 7 9 |  9.5
Air Magic      | 3 4 6 |  6.1
Invocations    | 5 |  5.8
Fighting       | 1 |  1.9

Action                     |  1- 3 |  4- 6 |  7- 9 | 10-12 || total
---------------------------+-------+-------+-------+-------++-------
  Melee: Dagger            |     6 |     8 |    58 |    39 ||   111
         Punch             |       |     1 |       |       ||     1
   Cast: Ensorcelled Hiber |       |     4 |    11 |     1 ||    16
         Confusing Touch   |       |       |     4 |     2 ||     6
         Vhi's Electric Ch |       |       |     1 |       ||     1
         Dazzling Flash    |       |       |       |     8 ||     8
    Use: Potion            |     1 |       |       |     5 ||     6
         Scroll            |       |       |     1 |       ||     1
   Stab: Sleeping          |     2 |     4 |    18 |     7 ||    31
         Invisible         |     2 |       |       |     6 ||     8
         Confused          |       |       |     4 |     2 ||     6
 Armour: Robe              |       |       |       |     2 ||     2
  Dodge: Dodged            |     2 |     1 |    28 |   128 ||   159
